 Dungeon Crawl Stone Soup version 0.26-a0-651-gb41185065b (webtiles) character file.

Game seed: 10741249381275174276

168 lorenzova the Conjurer (level 5, -7/28 HPs)
             Began as a Deep Elf Conjurer on Oct 29, 2020.
             Killed from afar by an orc wizard (10 damage)
             ... with a magic dart
             ... on level 2 of the Dungeon.
             The game lasted 00:01:58 (1602 turns).

lorenzova the Conjurer (Deep Elf Conjurer)          Turns: 1602, Time: 00:01:59

Health: -7/28      AC:  2    Str:  4    XL:     5   Next: 23%
Magic:  1/15       EV: 13    Int: 24    God:
Gold:   85         SH:  0    Dex: 13    Spells: 12/15 levels left

rFire    + . .     SeeInvis .   k - +2 hand axe (flame)
rCold    . . .     Faith    .   (no shield)
rNeg     . . .     Spirit   .   a - +0 robe
rPois    .         Reflect  .   (no helmet)
rElec    .         Harm     .   (no cloak)
rCorr    .         Rampage  .   (no gloves)
MR       .....                  (no boots)
Stlth    ++........             (no amulet)
HPRegen  0.09/turn              c - ring of protection from fire
MPRegen  0.14/turn              (no ring)

@: no status effects
A: no striking features
a: no special abilities


You were on level 2 of the Dungeon.
You visited 1 branch of the dungeon, and saw 2 of its levels.

You collected 85 gold pieces.

Inventory:

Hand Weapons
 k - a +2 hand axe of flaming (weapon)
Armour
 a - a +0 robe (worn)
Jewellery
 c - a ring of protection from fire (left hand)
Wands
 j - a wand of polymorph (3)
Scrolls
 d - 3 scrolls of identify {unknown}
 e - a scroll of remove curse {unknown}
 f - a scroll of immolation {unknown}
 g - a scroll of fog {unknown}
 i - a scroll of amnesia {unknown}
 l - a scroll of teleportation {unknown}
 m - a scroll of enchant weapon {unknown}
Potions
 b - a potion of haste {unknown}
 h - a potion of flight {unknown}


   Skills:
 - Level 2.4 Dodging
 - Level 2.4 Stealth
 + Level 5.6 Spellcasting
 + Level 6.0 Conjurations


You had 12 spell levels left.
You knew the following spells:

 Your Spells              Type           Power        Failure   Level
a - Magic Dart            Conj           ####         1%          1
b - Searing Ray           Conj           #####.       1%          2

Your spell library contained the following spells:

 Spells                   Type           Power        Failure   Level
 Dazzling Flash           Conj/Hex       ###...       8%          3
 Fulminant Prism          Conj/Hex       ###.......   24%         4
 Iskenderun's Mystic Bla  Conj/Tloc      ###.....     24%         4


Dungeon Overview and Level Annotations

Branches:
Dungeon (2/15)

Altars:


Message History

The magic dart hits you.
* * * LOW HITPOINT WARNING * * *
Unknown command.
You closely miss the orc wizard.
The orc wizard is moderately wounded.
The orc wizard completely misses you.
You closely miss the orc wizard.
The orc wizard is moderately wounded.
The orc wizard misses you.
You closely miss the orc wizard.
The orc wizard is moderately wounded.
The orc wizard hits you with a +0 dagger.
* * * LOW HITPOINT WARNING * * *
You closely miss the orc wizard.
The orc wizard is moderately wounded.
The orc wizard hits you with a +0 dagger.
* * * LOW HITPOINT WARNING * * *
The orc wizard casts a spell at you. The magic dart hits you!
You die...

######### ###...[...#
#.........+ . #(#.......#
... #.#.......#
.....#####.#.......######
....)))wS..).....[..†..>#
#########o#######.########
........#@#######.########
........#.#...............
..........#.##......)#####
########..#.##.......#
#.......#.##.......#
#.#####.#.##.......###
#...#####.#....#
##..#####+#....#
#..#..........#


You could see an orc wizard, an adder and a dart slug.

Vanquished Creatures
  An orc priest (D:2)
  Terence (D:2)
  An orc wizard (D:2)
  3 gnolls (D:2)
  2 adders (D:2)
  An ooze (D:1)
  A worm (D:2)
  A leopard gecko (D:1)
  2 orcs (D:2)
  6 bats
  3 giant cockroaches
  A goblin (D:1)
  2 hobgoblins
  7 kobolds
  2 frilled lizards (D:1)
  6 rats
40 creatures vanquished.

Notes
Turn   | Place    | Note
-------+----------+-------------------------------------------
     0 | D:1      | lorenzova the Deep Elf Conjurer began the quest for the
                  | Orb.
     0 | D:1      | Reached XP level 1. HP: 10/10 MP: 6/6
   142 | D:1      | Reached XP level 2. HP: 15/15 MP: 4/8
   190 | D:1      | Learned a level 2 spell: Searing Ray
   625 | D:1      | You fall into a shaft and drop 1 floor!
  1083 | D:2      | Reached skill level 5 in Conjurations
  1083 | D:2      | Reached XP level 3. HP: 19/19 MP: 4/10
  1475 | D:2      | Noticed Terence
  1480 | D:2      | Killed Terence
  1480 | D:2      | Reached XP level 4. HP: 24/24 MP: 4/12
  1585 | D:2      | Reached skill level 5 in Spellcasting
  1591 | D:2      | Reached XP level 5. HP: 22/28 MP: 1/14
  1593 | D:2      | Reached skill level 6 in Conjurations
  1602 | D:2      | Killed from afar by an orc wizard

Illustrated notes

Levels and vault maps discovered:
D:1:      lemuel_arrival_room, layout_rooms
D:2:      layout_basic, overflow_temple_1_default, minmay_pentomino_o4,
          uniq_terence

Skill      XL: |  1  2  3  4  5 |
---------------+----------------+-----
Spellcasting   | 4 5 |  5.6
Conjurations   | 5 6 |  6.0
Dodging        | |  2.4
Stealth        | |  2.4

Action                   |  1- 3 |  4- 6 || total
-------------------------+-------+-------++-------
Melee: Hand axe          |       |     6 ||     6
 Cast: Magic Dart        |    51 |     1 ||    52
       Searing Ray       |     4 |     4 ||     8
Armor: Robe              |     1 |     1 ||     2
Dodge: Dodged            |     7 |     6 ||    13

Table legend: (Time is in decaauts)
 A = Elapsed time spent in this place.
 B = Non-inter-level travel time spent in this place.
 C = Inter-level travel time spent in this place.
 D = Time resting spent in this place.
 E = Time spent auto-exploring this place.
 F = Levels seen in this place.
 G = Mean time per level.
                   A        B        C        D        E       F      G
               +--------+--------+--------+--------+--------+-----+--------+
         Total |   1603 |   1568 |     35 |    829 |    597 |   2 |  801.5 |
       Dungeon |   1603 |   1568 |     35 |    829 |    597 |   2 |  801.5 |
               +--------+--------+--------+--------+--------+-----+--------+

Top non-repeatable levels by time:
     D:1: 986 daAuts
     D:2: 617 daAuts
